 Dungeon Crawl Stone Soup version 0.30-a0-1016-gfb0d676c02 (webtiles) character file.

Game seed: 14666454805800148840

58 hwolsky the Sneak (level 3, -1/16 HPs)
             Began as a Spriggan Conjurer on Apr 6, 2023.
             Slain by Terence
             ... wielding a +0 flail
              (4 damage)
             ... on level 2 of the Dungeon.
             The game lasted 00:08:55 (4197 turns).

hwolsky the Sneak (Spriggan Conjurer)               Turns: 4197, Time: 00:08:55

Health: -1/16      AC:  2    Str:  0 (3)  XL:     3   Next: 75%
Magic:  1/9        EV: 17    Int: 20 (21) God:
Gold:   171        SH:  0    Dex: 10 (13) Spells: 4/9 levels left

rFire   . . .      SeeInvis +    h - +2 dagger (speed)
rCold   . . .      Faith    .    (no shield)
rNeg    . . .      Spirit   .    a - +0 robe
rPois   .          Reflect  .    (helmet restricted)
rElec   .          Rampage  .    (no cloak)
rCorr   .                        (gloves unavailable)
Will    .....                    (boots unavailable)
Stlth   ++                       (no amulet)
HPRegen 0.00/turn                (no ring)
MPRegen 0.11/turn                (no ring)

@: inhibited regen, slowed, lost strength, quick
A: very small, no large weapons, unfitting armour, see invisible, speed 3
a: no special abilities


You were on level 2 of the Dungeon.
You visited 1 branch of the dungeon, and saw 2 of its levels.

You collected 171 gold pieces.

Inventory:

Hand Weapons
 c - a +0 sling
 d - a +0 short sword
 g - a +0 dagger of flaming
 h - a +2 dagger of speed (weapon)
Missiles
 f - 24 stones
Armour
 a - a +0 robe (worn)
 j - a +0 robe
Scrolls
 e - a scroll of immolation
Potions
 b - a potion of magic
 i - a potion of resistance {unknown}


   Skills:
 + Level 3.6 Dodging
 + Level 4.0 Stealth
 + Level 3.5 Spellcasting
 + Level 3.3 Conjurations


You had 4 spell levels left.
You knew the following spells:

 Your Spells              Type           Power      Damage    Failure   Level
a - Magic Dart            Conj           64%        1d6       3%          1
b - Searing Ray           Conj           32%        2d5       5%          2
c - Call Imp              Summ           3%         N/A       21%         2

Your spell library contained the following spells:

 Spells                   Type           Power      Damage    Failure   Level
 Dazzling Flash           Conj/Hex       20%        N/A       21%         3
 Mephitic Cloud           Conj/Pois/Air  7%         N/A       26%         3
 Fulminant Prism          Conj/Hex       5%         3d7       56%         4
 Iskenderun's Mystic Bla  Conj/Tloc      10%        2d4       56%         4


Dungeon Overview and Level Annotations

Branches:
Dungeon (2/15)

Altars:

Annotations:
D:2 Terence


Innate Abilities, Weirdness & Mutations

You are very small and have problems with some larger weapons.
You are too small for most types of armour.
You have supernaturally acute eyesight. (SInv)
You cover ground extremely quickly. (Speed+++)


Message History

Terence is moderately wounded. (Press . to maintain the ray.) Unknown command.
The searing ray hits Terence.
Terence is moderately wounded.
Terence barely misses you. Terence hits you with a +0 flail!
The searing ray hits Terence!
Terence is severely wounded.
Terence closely misses you.
The searing ray hits Terence.
Terence is almost dead.
You finish channelling your searing ray.
Terence barely misses you. Terence completely misses you.
Terence completely misses you.
Casting: Searing Ray (safe; 5% risk of failure)
Confirm with . or Enter, or press ? or * to list all spells.
Aiming: Searing Ray (safe; 5% risk of failure)
Press: ? - help, Shift-Dir - straight line, f/p - Terence
Aim: Terence, wielding a +0 flail and wearing a +0 scale mail (almost dead, 81% to hit)
The searing ray hits Terence but does no damage.
Terence is almost dead. (Press . to maintain the ray.) Terence misses you. x2
You barely miss Terence.
Terence is almost dead.
Terence barely misses you.
You hit Terence but do no damage.
Terence is almost dead.
Terence completely misses you.
You hit Terence.
Terence is almost dead.
Terence barely misses you.
You hit Terence.
Terence is almost dead.
Terence hits you with a +0 flail.
* * * LOW HITPOINT WARNING * * *
You hit Terence but do no damage.
Terence is almost dead.
Terence hits you with a +0 flail.
You die...

.##...# #.# #######.#
.##...# #.#
#######.### .##...#
...#.....# .#
####.#.#.#.# .#
#......#.#.# ..
##.#.###.# # ..
######+ .. #.# ..# ..
.......### #.# ### ..
.......@.# #.# ..
.....!@#.####.# ..
.......#....#.# ..
.......#....#'#######
.
.......#............#
.......#....))......#
.......#............#
...#####............#
## #.............#


You could see Terence.

Vanquished Creatures
  An adder (D:2)
  A dart slug (D:1)
  8 endoplasms (D:1)
  3 giant cockroaches
  4 hobgoblins
  6 kobolds
  A quokka (D:1)
  A ball python (D:2)
  6 bats
  2 frilled lizards (D:2)
  4 goblins
  4 rats (D:1)
41 creatures vanquished.

Notes
Turn   | Place    | Note
-------+----------+-------------------------------------------
     0 | D:1      | hwolsky the Spriggan Conjurer began the quest for the Orb.
     0 | D:1      | Reached XP level 1. HP: 9/9 MP: 5/5
   242 | D:1      | Reached XP level 2. HP: 13/13 MP: 3/6
  1168 | D:2      | Learned a level 2 spell: Searing Ray
  1191 | D:2      | Reached XP level 3. HP: 16/16 MP: 1/8
  1312 | D:2      | Lost strength.
  4026 | D:2      | Reached skill level 4 in Stealth
  4035 | D:2      | Learned a level 2 spell: Call Imp
  4183 | D:2      | Noticed Terence
  4197 | D:2      | Slain by Terence

Illustrated notes

Levels and vault maps discovered:
D:1:      dpeg_arrival_arbitrary_c, layout_loops_cross
D:2:      layout_basic, uniq_terence

Skill      XL: |  1  2  3 |
---------------+----------+-----
Conjurations   | 3 |  3.3
Dodging        | 3 |  3.6
Spellcasting   | 3 |  3.5
Stealth        | 4 |  4.0

Action                     || total
---------------------------++-------
  Melee: Unarmed           ||    27
         Dagger            ||    10
   Cast: Magic Dart        ||    81
         Searing Ray       ||     4
    Use: Scroll            ||     2
         Potion            ||     5
 Armour: Robe              ||     4
  Dodge: Dodged            ||    34

Table legend: (Time is in decaauts)
 A = Elapsed time spent in this place.
 B = Non-inter-level travel time spent in this place.
 C = Inter-level travel time spent in this place.
 D = Time resting spent in this place.
 E = Time spent auto-exploring this place.
 F = Levels seen in this place.
 G = Mean time per level.
                   A        B        C        D        E       F      G
               +--------+--------+--------+--------+--------+-----+--------+
         Total |   5267 |   5264 |      3 |   4235 |    670 |   2 | 2633.5 |
       Dungeon |   5267 |   5264 |      3 |   4235 |    670 |   2 | 2633.5 |
               +--------+--------+--------+--------+--------+-----+--------+

Top non-repeatable levels by time:
     D:2: 4353 daAuts
     D:1: 914 daAuts
